 Dungeon Crawl Stone Soup version 0.26-a0-712-ga5a9c9c9d0 (webtiles) character file.

Game seed: 3912218624895924068

67 Azzok the Chopper (level 4, 34/35 HPs)
             Began as a Demonspawn Berserker on Nov 7, 2020.
             Was a Believer of Trog.
             Quit the game on level 3 of the Dungeon.
             The game lasted 00:02:50 (1985 turns).

Azzok the Chopper (Demonspawn Berserker)            Turns: 1985, Time: 00:02:50

Health: 34/35      AC: 11    Str: 18    XL:     4   Next: 0%
Magic:  4/4        EV: 11    Int:  8    God:    Trog [**....]
Gold:   82         SH:  0    Dex: 13    Spells: 3/3 levels left

rFire    . . .     SeeInvis .   d - +0 dagger (elec)
rCold    . . .     Faith    .   (no shield)
rNeg     . . .     Spirit   .   m - +3 ring mail
rPois    .         Reflect  .   (no helmet)
rElec    .         Harm     .   l - +0 cloak
rCorr    .         Rampage  .   (no gloves)
MR       .....                  (no boots)
Stlth    +.........             (no amulet)
HPRegen  0.11/turn              (no ring)
MPRegen  0.09/turn              (no ring)

@: no status effects
A: claws 1, thin metallic scales 1, rot immunity
a: Berserk, Trog's Hand, Renounce Religion


You were on level 3 of the Dungeon.
You worshipped Trog.
Trog was pleased with you.
You visited 1 branch of the dungeon, and saw 3 of its levels.

You collected 82 gold pieces.

Inventory:

Hand Weapons
 a - a +0 hand axe
 d - a +0 dagger of electrocution (weapon)
Armour
 l - a +0 cloak (worn)
 m - a +3 ring mail (worn)
Jewellery
 f - an uncursed ring of ice
 o - an uncursed ring of ice
Wands
 b - a wand of random effects (25)
Scrolls
 g - 4 scrolls of teleportation {unknown}
 h - 3 scrolls of random uselessness {unknown}
 i - a scroll of remove curse
 j - 2 scrolls of identify {unknown}
 n - a scroll of fog {unknown}
 r - a scroll of enchant weapon {unknown}
Potions
 c - a potion of berserk rage {unknown}
 e - a potion of degeneration {unknown}
 k - a potion of haste {unknown}
 p - a potion of stabbing {unknown}
 q - 2 potions of flight {unknown}


   Skills:
 - Level 3.0 Fighting
 + Level 4.4 Axes
 - Level 1.7 Armour
 - Level 1.7 Dodging


You had 3 spell levels left.
You didn't know any spells.
Your spell library was empty.

Dungeon Overview and Level Annotations

Branches:
Dungeon (3/15)

Altars:


Innate Abilities, Weirdness & Mutations

You have sharp fingernails.
You are partially covered in thin metallic scales. (AC +2)
You are immune to rotting.


Message History

You see here a giant cockroach corpse.
You now have 82 gold pieces (gained 9).
An orc comes into view. It is wielding a -1 dagger.
The orc shouts!
An orc is nearby!
You see here 12 gold pieces.
You barely miss the orc. The orc barely misses you.
You hit the orc but do no damage. The orc hits you but does no damage.
Your ring mail prevents you from hitting the orc.
The orc hits you but does no damage.
You hit the orc.
The orc is heavily wounded.
The orc hits you with a cursed -1 dagger.
You hit the orc. Lightning courses through the orc!
You kill the orc!
Trog accepts your kill.
You have reached level 4!
You feel agile.
Your demonic ancestry asserts itself...
You feel immune to rotting.
Are you sure you want to abandon this character and quit the game? (Confirm with "yes".)

▒▒▒▒▒▒ ·▒·····▒▒
········▒▒
·········▒
··········▒
·······)··▒
········@·▒
········$·▒
··········▒
·········▒▒▒▒▒
····▒··········▒▒
················▒
▒▒▒·▒▒▒······▒▒▒▒▒
▒············▒
········†····▒


There were no monsters in sight!

Vanquished Creatures
  3 adders (D:2)
  A worm (D:2)
  An orc (D:3)
  5 bats
  5 giant cockroaches
  4 goblins
  7 hobgoblins
  2 kobolds
  A quokka (D:2)
  2 ball pythons (D:2)
  3 rats (D:1)
34 creatures vanquished.

Notes
Turn   | Place    | Note
-------+----------+-------------------------------------------
     0 | D:1      | Azzok the Demonspawn Berserker began the quest for the Orb.
     0 | D:1      | Reached XP level 1. HP: 18/18 MP: 1/1
   222 | D:1      | Reached skill level 3 in Axes
   402 | D:1      | Gained mutation: You are partially covered in thin metallic
                  | scales. (AC +2) [demonic ancestry]
   402 | D:1      | Reached XP level 2. HP: 17/24 MP: 2/2
  1267 | D:2      | Reached skill level 4 in Axes
  1267 | D:2      | Gained mutation: You have sharp fingernails. [demonic
                  | ancestry]
  1267 | D:2      | Reached XP level 3. HP: 29/29 MP: 3/3
  1466 | D:2      | Reached ** piety under Trog
  1984 | D:3      | Gained mutation: You are immune to rotting. [demonic
                  | ancestry]
  1984 | D:3      | Reached XP level 4. HP: 34/35 MP: 4/4
  1985 | D:3      | Quit the game

Illustrated notes

Levels and vault maps discovered:
D:1:      psy_arrival_dodecagon, layout_basic, grunt_decor_mini_mirrors
D:2:      layout_basic
D:3:      layout_rooms, uniq_crazy_yiuf_cottage

Skill      XL: |  1  2 |
---------------+-------+-----
Axes           | 3 4 |  4.4
Fighting       | |  3.0
Armour         | |  1.7
Dodging        | |  1.7

Action                   |  1- 3 |  4- 6 || total
-------------------------+-------+-------++-------
Melee: Short sword       |    12 |       ||    12
       Hand axe          |    12 |       ||    12
       Dagger            |    98 |       ||    98
Invok: Berserk           |     1 |       ||     1
  Use: Scroll            |     1 |       ||     1
 Stab: Sleeping          |     1 |       ||     1
Armor: Animal skin       |    21 |       ||    21
       Ring mail         |    22 |       ||    22
Dodge: Dodged            |    79 |       ||    79

Table legend: (Time is in decaauts)
 A = Elapsed time spent in this place.
 B = Non-inter-level travel time spent in this place.
 C = Inter-level travel time spent in this place.
 D = Time resting spent in this place.
 E = Time spent auto-exploring this place.
 F = Levels seen in this place.
 G = Mean time per level.
                   A        B        C        D        E       F      G
               +--------+--------+--------+--------+--------+-----+--------+
         Total |   1991 |   1971 |     20 |    133 |   1515 |   3 |  663.7 |
       Dungeon |   1991 |   1971 |     20 |    133 |   1515 |   3 |  663.7 |
               +--------+--------+--------+--------+--------+-----+--------+

Top non-repeatable levels by time:
     D:1: 1167 daAuts
     D:2: 797 daAuts
     D:3: 26 daAuts
